 Dungeon Crawl Stone Soup version 0.18.1-50-g88ac8fd (webtiles) character file.

105 Amnesiac the Charlatan (level 4, -5/21 HPs)
             Began as a Vine Stalker Artificer on July 6, 2018.
             Killed by nerve-wracking pain
             ... invoked by Grinder
              (11 damage)
             ... while paralysed by Grinder
             ... on level 4 of the Dungeon.
             The game lasted 00:03:13 (968 turns).

Amnesiac the Charlatan (Vine Stalker Artificer)      Turns: 968, Time: 00:03:13

Health: -5/21      AC:  5    Str: 15    XL:     4   Next: 81%
Magic:  0/7        EV:  2    Int: 12    God:
Gold:   82         SH:  0    Dex: 14    Spells: 0 memorised, 3 levels left

rFire  . . .     SeeInvis .     a - +0 short sword
rCold  . . .     Gourm    .     b - +0 leather armour
rNeg   . . .     Faith    .     (no shield)
rPois  .         Spirit   +     (no helmet)
rElec  .         Dismiss  .     z - +0 cloak
rCorr  .         Reflect  .     (no gloves)
SustAt .         Harm     .     i - +0 pair of boots
MR     .....                    (no amulet)
Stlth  ++........               (no ring)
                                (no ring)

@: paralysed, not resistant to hostile enchantments, unstealthy
A: fangs 2, regeneration 1, magic shield, antimagic bite, no device heal 3, rot
immunity
a: no special abilities


You were on level 4 of the Dungeon.
You were not hungry.

You visited 1 branch of the dungeon, and saw 4 of its levels.

You collected 82 gold pieces.

Inventory:

Hand Weapons
 a - a +0 short sword (weapon)
Missiles
 u - 11 poisoned needles
Armour
 b - a +0 leather armour (worn)
 i - a +0 pair of boots (worn)
 z - a +0 cloak (worn)
Wands
 c - a wand of flame (15/48)
 d - a wand of enslavement (15/24)
 e - a wand of random effects (7/48)
 x - a wand of random effects (19/48)
Scrolls
 g - a scroll of magic mapping {!r, unknown}
 j - 5 scrolls of identify {!r, unknown}
 k - a scroll of remove curse {!r, unknown}
 l - a scroll of recharging {!r, unknown}
 o - a scroll of random uselessness {!r, unknown}
 p - 2 scrolls of amnesia {!r, unknown}
 t - a scroll of noise {!r, unknown}
 v - a scroll of enchant weapon {!r, unknown}
 y - a scroll of enchant armour {!r, unknown}
Potions
 m - a potion of brilliance {!q, unknown}
Books
 s - a book of Unlife

   Spells                             Type                      Level
   a - Recall                         Summoning/Translocation      3
   b - Animate Dead                   Necromancy                   4
   c - Control Undead                 Necromancy                   4
   d - Cigotuvi's Embrace             Necromancy                   5
   e - Death Channel                  Necromancy                   6
   f - Simulacrum                     Ice/Necromancy               6
Comestibles
 f - 4 bread rations
 h - 2 fruits
 q - a royal jelly
 r - a beef jerky
 w - a slice of pizza


   Skills:
 - Level 0.8 Fighting
 * Level 2.8 Short Blades
 - Level 1.5 Dodging
 + Level 2.8 Stealth
 + Level 3.4 Evocations


You had 3 spell levels left.
You didn't know any spells.

Dungeon Overview and Level Annotations

Branches:
Dungeon (4/15)
 Temple: D:4-7

Altars:

Annotations:
D:4 Grinder


Innate Abilities, Weirdness & Mutations

You have extremely sharp teeth.
Your natural rate of healing is unusually fast.
When hurt, damage is shared between your health and your magic reserves.
Your bite disrupts and absorbs the magic of your enemies.
Potions and wands cannot restore your health.
You are immune to rotting.


Message History

z - a cloak Wear which item? (? for menu, Esc to quit)
You start putting on your armour.
You continue putting on your pair of boots. x4
You finish putting on your +0 pair of boots.
Wear which item? (? for menu, Esc to quit)
You start putting on your armour.
You continue putting on your cloak. x4
You finish putting on your +0 cloak.
Drop what? 26/52 slots (_ for help) (? for menu, Esc to quit)
You drop a pair of boots.
You see here a hand axe.
Found a stone staircase leading down.
There is a stone staircase leading down here.
There is a stone staircase leading down here.
Grinder comes into view.
Grinder is nearby!
Grinder is nearby!
Evoke which item? (* to show all) (? for menu, Esc to quit)
Zapping:
e - a wand of random effects (12/48)
Press: ? - help, Shift-Dir - straight line, f - Grinder
Aim: Grinder (resting)
You hear a mighty clap of thunder!
The bolt of lightning hits Grinder.
Grinder is lightly wounded.
Grinder shouts!
This wand has 11 charges left.
Grinder gestures at you. You resist with significant effort.
Evoke which item? (* to show all) (? for menu, Esc to quit)
Zapping:
e - a wand of random effects (11/48)
Press: ? - help, Shift-Dir - straight line, f/p - Grinder
Aim: Grinder (lightly wounded) Grinder appears confused.
This wand has 10 charges left.
Grinder drinks a potion.
Grinder is healed!
Grinder seems less confused.
Grinder barely misses you. Grinder gestures at you.
Pain shoots through your body!
Evoke which item? (* to show all) (? for menu, Esc to quit)
Zapping:
e - a wand of random effects (10/48)
Press: ? - help, Shift-Dir - straight line, f/p - Grinder
Aim: Grinder The bolt of negative energy hits Grinder.
Grinder completely resists.
This wand has 9 charges left.
Evoke which item? (* to show all) (? for menu, Esc to quit)
Zapping:
e - a wand of random effects (9/48)
Press: ? - help, Shift-Dir - straight line, f/p - Grinder
Aim: Grinder Grinder resists with significant effort.
This wand has 8 charges left.
Grinder hits you but does no damage.
Grinder says, "You look like you could use a good racking."
Grinder gestures at you. Pain shoots through your body!
* * * LOW HITPOINT WARNING * * *
Evoke which item? (* to show all) (? for menu, Esc to quit)
Zapping:
e - a wand of random effects (8/48)
Press: ? - help, Shift-Dir - straight line, f/p - Grinder
Aim: Grinder Grinder seems to speed up.
This wand has 7 charges left.
Grinder gestures at you.
You suddenly lose the ability to move!
Grinder gestures at you. Pain shoots through your body!
Ouch! That really hurt!
You die...

#.#.#.########
#.#..........'
#.#.#........#
#.#.########.# #.#.#
#.# #.#.# #.# #.#.#
######.#
#######.#.###......#
#..@5.......+.......
#.#####.#.###......#
#.# #.#.########.#
#.# #.#..........#
#.# #)#...........
#.# #.#...........
#.#####.#..########.
#>..................
#.#####.#..########.


You could see Grinder.

Vanquished Creatures
  Blork the orc (D:4)
  Terence (D:3)
  A worm (D:4)
  A dart slug (D:4)
  2 orcs
  2 bats
  A giant cockroach (D:3)
  A hobgoblin (D:3)
  2 kobolds
  A giant gecko skeleton (D:4)
  2 giant newts
  3 rats (D:1)
18 creatures vanquished.

Notes
Turn   | Place    | Note
--------------------------------------------------------------
     0 | D:1      | Amnesiac the Vine Stalker Artificer began the quest for the Orb.
     0 | D:1      | Reached XP level 1. HP: 9/9 MP: 3/3
    16 | D:1      | Reached skill level 1 in Short Blades
   336 | D:3      | Noticed Terence
   344 | D:3      | Reached XP level 2. HP: 8/14 MP: 1/5
   393 | D:3      | Killed Terence
   393 | D:3      | Reached skill level 3 in Evocations
   393 | D:3      | Reached XP level 3. HP: 14/17 MP: 3/6
   747 | D:4      | Noticed Blork the orc
   750 | D:4      | Killed Blork the orc
   750 | D:4      | Reached XP level 4. HP: 21/21 MP: 7/7
   943 | D:4      | Noticed Grinder
   967 | D:4      | Paralysed by Grinder for 5 turns
   968 | D:4      | Killed from afar by Grinder

Skill      XL: |  1  2 |
---------------+-------+-----
Short Blades   | 1 2 |  2.8
Stealth        | 2 |  2.8
Evocations     | 3 |  3.4
Fighting       | |  0.8
Dodging        | |  1.5

Action                   |  1- 3 |  4- 6 || total
-------------------------+-------+-------++-------
Melee: Short sword       |    55 |    10 ||    65
       Bite              |    15 |     2 ||    17
Evoke: Wand              |     2 |     6 ||     8
 Stab: Sleeping          |     1 |     1 ||     2
       Confused          |     2 |       ||     2
Armor: Leather armour    |    11 |     6 ||    17
Dodge: Dodged            |    26 |     3 ||    29
